Map: El Dorado

Players

Solindar

  • Race: Protoss Protoss
  • Spawn Location: 5:00

wootwoot - Winner!

  • Race: Terran Terran
  • League: Gold
  • Spawn Location: 7:00

VOD

Have the link to the VOD?

Description

Time

  • Played on: April 1, 2025, 7:15 p.m.
  • Length: 4:24
Show
View Real Time Build Order
Export as new Build Order

Solindar Protoss 

Build Orders: 1 Gate Expand 

Get SALT Encoding   

  12  0:01  Probe  
  13  0:16  Probe  
  13  0:20  Pylon  
  14  0:28  Probe  
  15  0:39  Probe  
  15  0:40  Gateway  
  16  0:46  Assimilator  
  16  0:47  Probe  
  16  0:55  Probe  
  18  1:06  Probe  
  19  1:18  Probe  
  20  1:28  Cybernetics Core  
  20  1:38  Nexus  
  20  1:44  Assimilator  
  20  1:51  Pylon  
  20  1:53  Probe  
  21  1:55  Stalker  
  21  2:05  Warp Gate  
  23  2:10  Probe  
  24  2:21  Stalker  
  24  2:22  Probe  
  25  2:26  Robotics Facility  
  27  2:39  Probe  
  28  2:48  Stalker, Pylon  
  28  2:52  Probe x2  
  30  3:04  Probe  
  33  3:13  Gateway  
  33  3:18  Gateway  
  33  3:20  Observer  
  34  3:29  Probe x2  
  34  3:33  Immortal  
  36  3:41  Probe x2  
  42  3:57  Stalker  
  42  4:01  Pylon  
  43  4:06  Gateway  
  39  4:10  Zealot  
Show
View Real Time Build Order
Export as new Build Order

wootwoot Terran - Winner!

Build Orders: 1/1/1 

Get SALT Encoding   

  12  0:02  SCV  
  14  0:14  SCV  
  14  0:18  Supply Depot  
  14  0:26  SCV  
  15  0:30  Refinery  
  15  0:40  SCV  
  16  0:52  Barracks  
  16  0:54  SCV  
  17  1:06  SCV  
  17  1:08  Refinery  
  18  1:18  SCV  
  19  1:40  Factory  
  19  1:42  Barracks Reactor  
  19  1:43  Orbital Command  
  19  1:53  Supply Depot  
  19  2:10  SCV  
  20  2:18  Marine x2  
  22  2:25  Factory Tech Lab  
  22  2:26  Starport  
  22  2:36  Marine x2  
  24  2:37  Supply Depot  
  24  2:45  Siege Tank  
  24  2:50  SCV  
  28  2:55  Marine  
  29  3:02  Medivac  
  31  3:13  Marine  
  31  3:15  Marine  
  31  3:17  Siege Tank  
  36  3:26  Supply Depot  
  36  3:32  Viking  
  38  3:47  Marine x2  
  40  4:05  Marine x2  
Tags
 
League
Gold
Matchup
PvT
Replay Pack
B2M-Replays
Spawn Locations
Close Positions
Add a new tag
Caveats
  • Supply blocks, unpowered buildings, or Contaminate may cause inaccurate times.
  • Supply counts are checked every 10 seconds.